 Dungeon Crawl Stone Soup version 0.31.0-9-g3a7656b989 (webtiles) character file.

Game seed: 15453374280994951850

72830 Marvel the Wrestler (level 15, -6/214 HPs)
             Began as a Troll Berserker on Feb 5, 2024.
             Was a High Priest of Trog.
             Mangled by a komodo dragon (26 damage)
             ... on level 4 of the Lair of Beasts.
             The game lasted 00:35:00 (14909 turns).

Marvel the Wrestler (Troll Berserker)              Turns: 14909, Time: 00:35:00

Health: -6/214     AC:  5    Str: 35    XL:     15   Next: 2%
Magic:  14/14      EV: 16    Int:  3    God:    Trog [*****.]
Gold:   1336       SH:  0    Dex:  9    Spells: 14/14 levels left

rFire   + .          .
                       - Unarmed
rCold   + . .        (no shield)
rNeg    . . .        Q - +0 troll leather armour
rPois   .            (helmet restricted)
rElec   .            B - scarf {rC+ rF+}
rCorr   .            (gloves unavailable)
SInv    +            (boots unavailable)
Will    +++..        A - amulet of the acrobat Stlth
                     m - +5 ring of evasion
HPRegen 3.15/turn    F - ring of see invisible
MPRegen 0.14/turn

%: acrobat
@: berserking, lethally poisoned (-6 -> -6), strong-willed, regenerating, very
quick
A: large, unfitting armour, claws 3, regeneration 1, shaggy fur 1, tough skin 1
a: Renounce Religion, Berserk, Trog's Hand, Brothers in Arms


You were on level 4 of the Lair of Beasts.
You worshipped Trog.
Trog was extremely pleased with you.
You visited 3 branches of the dungeon, and saw 20 of its levels.
You also visited: Ice Cave.

You collected 1639 gold pieces.
You spent 303 gold pieces at shops.

Inventory:

Hand Weapons
 N - a +7 heavy glaive
 V - the +8 battleaxe of Autumn {heavy, *Corrode rC++ Dex+6}
   (Trog gifted it to you in an ice cave)

   Dex+6:     It affects your dexterity (+6).
   rC++:      It greatly protects you from cold.
   *Corrode:  It may corrode you when you take damage.
Missiles
 D - 19 javelins
 J - 19 poisoned darts (quivered)
Armour
 B - a scarf of resistance (worn)
 Q - a +0 troll leather armour (worn)
 T - +0 acid dragon scales
Jewellery
 a - a ring of protection from cold
 g - an amulet of magic regeneration
 m - a +5 ring of evasion (left claw)
 y - a ring of protection from fire
 A - an amulet of the acrobat (around neck)
 F - a ring of see invisible (right claw)
 U - a ring of willpower
Talismans
 r - a dragon-blood talisman
 O - a maw talisman
 R - a serpent talisman
Wands
 k - a wand of mindburst (10)
 v - a wand of flame (56)
 E - a wand of charming (12)
 G - a wand of iceblast (20)
 H - a wand of polymorph (6)
 L - a wand of quicksilver (15)
Scrolls
 b - 3 scrolls of vulnerability {unknown}
 d - 4 scrolls of immolation {unknown}
 e - 14 scrolls of identify {unknown}
 i - 4 scrolls of blinking
 n - 5 scrolls of noise {unknown}
 p - 3 scrolls of poison {unknown}
 q - 2 scrolls of fog {unknown}
 t - 2 scrolls of enchant weapon {unknown}
 u - 3 scrolls of summoning {unknown}
 w - 8 scrolls of teleportation
 x - 5 scrolls of revelation
 C - 3 scrolls of amnesia
 P - a scroll of enchant armour {unknown}
 X - 2 scrolls of torment {unknown}
 Z - a scroll of fear {unknown}
Potions
 c - 5 potions of degeneration {unknown}
 f - 3 potions of magic {unknown}
 h - 5 potions of haste {unknown}
 j - 4 potions of lignification {unknown}
 l - 3 potions of heal wounds
 o - 3 potions of invisibility
 s - 4 potions of resistance {unknown}
 z - 3 potions of might {unknown}
 I - a potion of enlightenment {unknown}
 K - 5 potions of curing {unknown}
 Y - a potion of berserk rage {unknown}
Miscellaneous
 M - a phantom mirror (inert)
 W - a condenser vane


   Skills:
 + Level 7.8 Fighting
 + Level 1.7 Throwing
 + Level 7.9 Dodging
 + Level 23.1 Unarmed Combat
 + Level 0.1 Evocations


You had 14 spell levels left.
You didn't know any spells.
Your spell library was empty.

Dungeon Overview and Level Annotations

Branches:
Dungeon (13/15)            Temple (0/1) D:5            Lair (5/5) D:11
  Swamp (0/4) Lair:2        Snake (0/4) Lair:2          Orc (2/2) D:12
    Elf (0/3) Orc:2         IceCv (visited)
  Slime: Lair:4-5    Vaults: D:13-14

Altars:
Ashenzari
Cheibriados
Elyvilon
Kikubaaqudgha
Nemelex Xobeh
Okawaru
Qazlal
Wu Jian

Shops:
D:3 :![   D:9 (   D:10 *   Orc:2 [*[(


Innate Abilities, Weirdness & Mutations

You are too large for most types of armour.
You have claws for hands.
Your natural rate of healing is unusually fast.
You are covered in fur. (AC +1)
You have tough skin. (AC +1)


Message History

Your two-headed ogre hits the black mamba with a +0 giant spiked club!!
The komodo dragon misses you.
The water moccasin attacks as it pursues you!
The water moccasin completely misses you.
Your two-headed ogre barely misses the black mamba. x2
The komodo dragon completely misses you.
The black mamba bites you!
* * * LOW HITPOINT WARNING * * *
You are poisoned.
The black mamba poisons you!
The water moccasin completely misses you.
You feel very sick. The black mamba completely misses you.
Your two-headed ogre hits the black mamba with a +0 giant spiked club!
The black mamba dies!
Trog accepts your kill. The yak gores your two-headed ogre!
There is a stone staircase leading up here.
You feel very sick. The water moccasin bites you.
* * * LOW HITPOINT WARNING * * *
Your two-headed ogre hits the yak with a +0 giant spiked club!!!
The yak dies!
Trog accepts your kill. The komodo dragon misses you.
You climb upwards.
You feel very sick.
There is a stone staircase leading down here.
A red film seems to cover your vision as you go berserk!
You feel yourself moving faster!
You feel mighty!
You feel sick. The water moccasin bites you.
* * * LOW HITPOINT WARNING * * *
The komodo dragon closely misses you. The water moccasin closely misses you.
You barely miss the komodo dragon.
You feel sick.
You mangle the komodo dragon!! Your claw misses the komodo dragon.
The komodo dragon is heavily wounded.
You feel sick.
The water moccasin bites you but does no damage.
The komodo dragon bites you!!
You die...

....#.####### ####.P#.##P#.####
............###............#.P##
.............##................#
..............#÷...............#
...............................#
.............÷.................#
...............................#
................S........<.....#
...............l@..............#
.................##P..#...#....#
#.....######...#############..##
####### ##P..## #.### # ##...#
### #.#.## #####


You could see a komodo dragon and a water moccasin.

Vanquished Creatures
  Jorgrun (Orc:2)
  A quicksilver ooze (Lair:1)
  An orc warlord (Orc:2)
  2 slime creatures (D:13)
  Fannar (D:10)
  3 centaur warriors (D:13)
  9 death yaks
  7 two-headed ogres
  An orc high priest (Orc:2)
  Urug (D:10)
  The ghost of temujin the Grappler, a novice TrFi (D:9)
  Amaemon (D:8)
  3 skeletal warriors (D:13)
  4 orc knights
  Pikel (D:4)
  2 bog bodies
  A necromancer (IceCv)
  2 wolf spiders (Lair:2)
  2 orc sorcerers (Orc:1)
  2 ugly things
  An oklob plant (Lair:2)
  5 cyclopes
  A manticore (D:12)
  3 elephants (Lair:4)
  2 centaur zombies (D:9)
  5 black mambas
  2 ice statues (IceCv)
  Joseph (D:7)
  4 kobold blastminers (Orc:2)
  An orange demon (D:8)
  2 gargoyles (D:11)
  10 cane toads
  4 kobold demonologists
  7 komodo dragons
  An unseen horror (D:8)
  3 rime drakes
  4 anaconda simulacra (IceCv)
  6 ice devils (IceCv)
  4 trolls
  A tyrant leech (Lair:4)
  14 blink frogs
  3 polar bears
  3 hornets (Lair:2)
  A spectral meliai (D:9)
  6 dream sheep (Lair:4)
  Sigmund (D:6)
  3 wraiths
  A centaur simulacrum (D:9)
  2 dire elephant simulacra (IceCv)
  2 shadows
  2 basilisks
  22 yaks
  3 vampires
  3 wargs
  2 wyverns
  A steam dragon (D:9)
  Menkaure (D:4)
  4 vampire mosquitoes
  4 nagas (Lair:2)
  4 hydra simulacra (IceCv)
  An acid dragon (D:12)
  11 water moccasins
  2 sky beasts (D:8)
  2 ice beasts
  39 orc warriors
  3 black bears
  14 centaurs
  5 wolves (Lair:2)
  15 ogres
  5 kobold brigands
  2 phantoms
  5 gnoll sergeants
  11 bullfrogs
  A cane toad simulacrum (Lair:1)
  A scorpion (D:5)
  5 wights
  4 killer bees (D:10)
  An elephant simulacrum (IceCv)
  A howler monkey (D:6)
  5 bombardier beetles
  A jelly (D:8)
  4 hounds
  19 orc priests
  4 gnoll boudas
  Crazy Yiuf (D:4)
  2 iguanas
  Terence (D:2)
  Jessica (D:2)
  2 sleepcaps (D:5)
  Natasha (D:4)
  31 orc wizards
  A polar bear simulacrum (Lair:1)
  A spriggan simulacrum (IceCv)
  2 wolf simulacra (IceCv)
  A boggart simulacrum (D:9)
  18 gnolls
  11 adders
  3 shadow imps
  3 white imps
  An adder skeleton (D:2)
  2 dart slugs
  A ribbon worm (D:3)
  68 orcs
  6 ball pythons
  A bat zombie (D:2)
  4 endoplasms
  3 giant cockroaches
  4 goblins
  13 hobgoblins
  3 quokkas
  A ball python skeleton (D:2)
  A ball python zombie (D:2)
  5 bats
  3 frilled lizards
  A giant cockroach zombie (D:2)
  29 kobolds
  A quokka skeleton (D:2)
  3 rats (D:1)
585 creatures vanquished.

Vanquished Creatures (collateral kills)
  An orc sorcerer (Orc:2)
  2 elephants (Lair:5)
  A black mamba (Lair:5)
  A cane toad (Lair:4)
  2 komodo dragons
  A troll (Orc:2)
  3 yaks
  A water moccasin (D:11)
  A black bear (D:11)
  3 orc warriors (Orc:2)
  A bullfrog (D:11)
  A scorpion (D:11)
  An orc priest (Orc:2)
  An orc (D:11)
20 creatures vanquished.

Vanquished Creatures (others)
  A spectral boggart (D:9)
  An orc wizard (Orc:2)
2 creatures vanquished.

Grand Total: 607 creatures vanquished

Notes
Turn   | Place    | Note
-------+----------+-------------------------------------------
     0 | D:1      | Marvel the Troll Berserker began the quest for the Orb.
     0 | D:1      | Reached XP level 1. HP: 22/22 MP: 0/0
   101 | D:1      | Reached XP level 2. HP: 22/29 MP: 1/1
   735 | D:2      | Noticed Jessica
   738 | D:2      | Reached XP level 3. HP: 36/36 MP: 2/2
   741 | D:2      | Killed Jessica
   758 | D:2      | Reached ** piety under Trog
   775 | D:2      | Found an ornate altar of the Wu Jian Council.
   804 | D:2      | Noticed Terence
   816 | D:2      | Killed Terence
   817 | D:2      | Reached skill level 4 in Unarmed Combat
   817 | D:2      | Reached XP level 4. HP: 39/45 MP: 3/3
  1176 | D:3      | Found Wiptamyl's Book Emporium.
  1176 | D:3      | Found Nafiraek's Distillery.
  1202 | D:3      | Bought a potion of heal wounds for 55 gold pieces
  1238 | D:3      | Found a white marble altar of Elyvilon.
  1250 | D:3      | Reached XP level 5. HP: 51/53 MP: 4/4
  1293 | D:3      | Reached skill level 5 in Unarmed Combat
  1303 | D:3      | Reached XP level 6. HP: 32/61 MP: 5/5
  1365 | D:3      | Found Akouc's Weapon Emporium.
  1552 | D:3      | Found a sparkling altar of Nemelex Xobeh.
  1577 | D:3      | Found Moatuak's Antique Armour Boutique.
  1723 | D:3      | Found a snail-covered altar of Cheibriados.
  1901 | D:4      | Reached *** piety under Trog
  1907 | D:4      | Reached skill level 6 in Unarmed Combat
  2049 | D:4      | Noticed Menkaure
  2058 | D:4      | Killed Menkaure
  2059 | D:4      | Reached XP level 7. HP: 67/67 MP: 6/6
  2343 | D:4      | Noticed Pikel
  2349 | D:4      | Killed Pikel
  2350 | D:4      | Reached skill level 8 in Unarmed Combat
  2350 | D:4      | Reached XP level 8. HP: 73/75 MP: 7/7
  2477 | D:4      | Noticed Natasha
  2481 | D:4      | Killed Natasha
  2557 | D:4      | Found a runed translucent door.
  2558 | D:4      | Noticed Crazy Yiuf
  2563 | D:4      | Killed Crazy Yiuf
  2589 | D:5      | Entered Level 5 of the Dungeon
  2617 | D:5      | Identified the +10 hand axe of Ustrufu {vamp, rC+++ rN+++
                  | Will- Str-4}
  2723 | D:5      | Found a staircase to the Ecumenical Temple.
  2815 | D:5      | Reached skill level 9 in Unarmed Combat
  2987 | D:5      | Reached skill level 5 in Dodging
  3020 | D:5      | Found an ancient bone altar of Kikubaaqudgha.
  3545 | D:6      | Reached **** piety under Trog
  3587 | D:6      | Reached skill level 10 in Unarmed Combat
  3753 | D:6      | Found a stormy altar of Qazlal.
  3758 | D:6      | Found a broken altar of Ashenzari.
  3871 | D:6      | Noticed Sigmund
  3874 | D:6      | Killed Sigmund
  3875 | D:6      | Reached XP level 9. HP: 83/83 MP: 8/8
  4084 | D:6      | Found an iron altar of Okawaru.
  4427 | D:7      | Noticed Joseph
  4559 | D:7      | Reached skill level 11 in Unarmed Combat
  4833 | D:7      | Killed Joseph
  5044 | D:8      | Reached skill level 12 in Unarmed Combat
  5080 | D:8      | Found the +6 shillelagh "Devastator" {shatter}
  5097 | D:8      | Noticed an orange demon
  5104 | D:8      | Killed an orange demon
  5105 | D:8      | Noticed Amaemon
  5118 | D:8      | Killed Amaemon
  5119 | D:8      | Reached XP level 10. HP: 51/92 MP: 9/9
  5353 | D:8      | Reached skill level 13 in Unarmed Combat
  6185 | D:9      | Reached ***** piety under Trog
  6200 | D:9      | Received a gift from Trog
  6460 | D:9      | Found a runed translucent gate.
  6460 | D:9      | Found a runed translucent gate.
  6460 | D:9      | Found a runed translucent gate.
  6581 | D:9      | Found Ofruvvum's Weapon Shop.
  6708 | D:9      | Noticed temujin's ghost (novice TrFi)
  6733 | D:9      | Killed temujin's ghost
  6734 | D:9      | Reached skill level 14 in Unarmed Combat
  6738 | D:9      | Reached XP level 11. HP: 77/101 MP: 10/10
  6810 | D:10     | Entered Level 10 of the Dungeon
  6841 | D:10     | Noticed a soul eater
  6969 | D:10     | Noticed Urug
  6978 | D:10     | Killed Urug
  6979 | D:10     | Reached skill level 15 in Unarmed Combat
  6979 | D:10     | Noticed a two-headed ogre
  6990 | D:10     | Killed a two-headed ogre
  6991 | D:10     | Reached skill level 5 in Fighting
  7144 | D:10     | Noticed a two-headed ogre
  7155 | D:10     | Killed a two-headed ogre
  7186 | D:10     | Found Miteusefem's CLEARANCE SALE!.
  7316 | D:10     | Found an ornate altar of the Wu Jian Council.
  7316 | D:10     | Noticed Fannar
  7323 | D:10     | Killed Fannar
  7324 | D:10     | Reached skill level 16 in Unarmed Combat
  7347 | D:10     | Noticed a two-headed ogre
  7354 | D:10     | Killed a two-headed ogre
  7672 | D:11     | HP: 1/104 [yak (10)]
  7677 | D:11     | Reached skill level 17 in Unarmed Combat
  7679 | D:11     | Reached XP level 12. HP: 29/111 MP: 11/11
  7726 | D:11     | Found a staircase to the Lair.
  7820 | D:11     | Noticed a two-headed ogre
  7828 | D:11     | Killed a two-headed ogre
  7846 | D:11     | Noticed a two-headed ogre
  7855 | D:11     | Killed a two-headed ogre
  8040 | D:12     | Noticed a two-headed ogre
  8149 | D:12     | Found a staircase to the Orcish Mines.
  8261 | D:12     | Reached skill level 18 in Unarmed Combat
  8301 | D:12     | Killed a two-headed ogre
  8628 | D:13     | Noticed a centaur warrior
  8634 | D:13     | Killed a centaur warrior
  8828 | D:13     | Reached skill level 19 in Unarmed Combat
  8884 | D:13     | Noticed a two-headed ogre
  8890 | D:13     | Killed a two-headed ogre
  9032 | D:13     | Noticed a centaur warrior
  9039 | D:13     | Killed a centaur warrior
  9040 | D:13     | Reached XP level 13. HP: 96/122 MP: 12/12
  9379 | Lair:1   | Entered Level 1 of the Lair of Beasts
  9386 | Lair:1   | Found a frozen archway.
  9411 | IceCv    | Entered an ice cave
  9747 | IceCv    | Reached skill level 20 in Unarmed Combat
  9787 | IceCv    | Identified the +8 battleaxe of Autumn {heavy, *Corrode rC++
                  | Dex+6} (Trog gifted it to you in an ice cave)
  9787 | IceCv    | Received a gift from Trog
 10165 | Lair:1   | You fall into a shaft and drop 1 floor!
 10165 | Lair:2   | Found a staircase to the Swamp.
 10349 | Lair:2   | Found a staircase to the Snake Pit.
 10542 | Lair:2   | Reached skill level 21 in Unarmed Combat
 10783 | Lair:2   | Identified the +1 scale mail "Mifrusan" {*Corrode rPois
                  | rN+++ Will++}
 11284 | Orc:1    | Entered Level 1 of the Orcish Mines
 11294 | Orc:1    | Reached XP level 14. HP: 124/133 MP: 13/13
 11663 | Orc:1    | Received a gift from Trog
 11775 | Orc:2    | Entered Level 2 of the Orcish Mines
 11897 | Orc:2    | Found Odghenelodghu's General Store.
 11943 | Orc:2    | Bought a scroll of blinking for 120 gold pieces
 11943 | Orc:2    | Bought a potion of invisibility for 128 gold pieces
 12197 | Orc:2    | Found a staircase to the Elven Halls.
 12400 | Orc:2    | Noticed Jorgrun
 12534 | Orc:2    | Noticed an orc warlord
 12537 | Orc:2    | Reached skill level 22 in Unarmed Combat
 12573 | Orc:2    | Killed an orc warlord
 12629 | Orc:2    | Killed Jorgrun
 12629 | Orc:2    | Received a gift from Trog
 12657 | Orc:2    | Found Uski's Antique Armour Shop.
 12659 | Orc:2    | Found Vaanu's Antique Weapon Boutique.
 12761 | Orc:2    | Found Sytogir's Antique Armour Boutique.
 13349 | Lair:1   | a four-headed hydra changed into a quicksilver ooze
 13349 | Lair:1   | Noticed a quicksilver ooze
 13351 | Lair:1   | Killed a quicksilver ooze
 13576 | Lair:3   | Reached skill level 1 in Throwing
 14424 | Lair:4   | Reached skill level 23 in Unarmed Combat
 14878 | Lair:5   | Entered Level 5 of the Lair of Beasts
 14890 | Lair:5   | Reached XP level 15. HP: 104/143 MP: 14/14
 14909 | Lair:4   | Mangled by a komodo dragon

Illustrated notes

Levels and vault maps discovered:
D:1:      tekkud_arrival_beachfront_property, layout_basic, minmay_pentomino_r2
D:2:      layout_loops_ring, basic_altar, serial_undead, serial_undead_a,
          serial_undead_b, serial_undead_e, serial_undead_f, chequers_garden,
          hex_tiny, uniq_terence, uniq_jessica
D:3:      layout_rooms, nemelex_diamond_rough_becter, overflow_temple_1_default,
          chei_slow_surprise, serial_shops, nicolae_shop_advertising_works
          [nicolae_subvault_shop_adworks], nicolae_shop_tiny_statue_garden,
          nicolae_shop_back_alley_shop, shop
D:4:      layout_cave_pods, minmay_misc_feat_diagonals, minmay_misc_feat_square,
          chequers_serial_rivers_micro_c, uniq_crazy_yiuf_cottage,
          uniq_menkaure, uniq_natasha, uniq_pikel
D:5:      layout_gridville, marbit_many_paths, minmay_temple_entry_slanted
D:6:      layout_loops_corners, mainiacjoe_overflow_alcove_2, minitemple,
          minmay_door_square, nicolae_zen_rock_garden, uniq_sigmund
D:7:      layout_cave_pools, uniq_joseph
D:8:      layout_loops_ring, pf_guarded_unrand_woodcutter, uniq_amaemon
D:9:      layout_irregular_city, serial_shops, nicolae_shop_tiny_waterfront,
          gammafunk_ghost_necromancy
D:10:     layout_loops_ring, nicolae_wu_jian_immortal_techniques,
          hangedman_abyss_or_decor_clamps, nicolae_shop_clearance, uniq_fannar,
          uniq_urug
D:11:     layout_big_octagon, due_lair_maze_entry_diamond
D:12:     layout_rooms, orc_0_dummy
D:13:     layout_roguey
Lair:1:   cheibrodos_lair_river_kwai, layout_hall_layers,
          portal_ice_cave_entry_ice_simulacra, lemuel_fruit_tree,
          lemuel_fruit_fields
Lair:2:   minmay_lair_venomous_thicket, layout_gridlike,
          skrybe_swamp_entry_bodies, minmay_snake_entry_guardpost_small,
          beast_lair_carwin_1, grunt_megastairs_1
Lair:3:   layout_misc_corridors
Lair:4:   layout_hall_layers, grunt_forest_stairs_basic, serial_bayou_pond_a
Lair:5:   wormcave, layout_gridlike, minmay_slime_entry_pillars,
          grunt_megastairs_3, serial_bayou_shore_a, uniq_snorg
Orc:1:    layout_diamond_mine, mines2_david
Orc:2:    grunt_orc_community_town_hall, layout_caves,
          grunt_orc_community_big_house_1, grunt_orc_community_big_house_2,
          grunt_orc_community_house_1, grunt_orc_community_house_1,
          grunt_orc_community_house_1, grunt_orc_community_house_1,
          grunt_orc_community_house_2, grunt_orc_community_house_2, basic_altar,
          uniq_jorgrun

Skill      XL: |  1  2  3  4  5  6  7  8  9 10 11 12 13 14 |
---------------+-------------------------------------------+-----
Dodging        | 3 4 5 6 7 |  7.9
Fighting       | 3 4 5 6 7 |  7.8
Unarmed Combat | 4 5 6 8 10 12 14 17 19 21 23 | 23.1
Throwing       | 1 |  1.7
Evocations     | |  0.1

Action                     |  1- 3 |  4- 6 |  7- 9 | 10-12 | 13-15 || total
---------------------------+-------+-------+-------+-------+-------++-------
  Melee: Unarmed           |    66 |   113 |   185 |   407 |   730 ||  1501
         Punch             |     3 |     2 |    15 |    34 |    73 ||   127
  Throw: Throwing net      |       |       |     1 |     1 |       ||     2
         Dart              |       |       |       |       |    41 ||    41
 Invoke: Berserk           |       |       |     1 |     9 |    13 ||    23
         Brothers in Arms  |       |       |       |     1 |     5 ||     6
         Trog's Hand       |       |       |       |     1 |     4 ||     5
  Evoke: Wand              |       |       |       |       |     3 ||     3
         Phantom mirror    |       |       |       |       |     1 ||     1
    Use: Scroll            |       |       |     3 |       |     1 ||     4
         Potion            |       |       |       |     1 |     1 ||     2
   Stab: Sleeping          |       |       |     2 |       |       ||     2
 Armour: Animal skin       |    34 |    38 |   103 |    35 |       ||   210
         Troll leather arm |       |       |       |   205 |   370 ||   575
         Steam dragon scal |       |       |       |    14 |       ||    14
  Dodge: Dodged            |    30 |    78 |   111 |   326 |   431 ||   976
